 Dungeon Crawl Stone Soup version 0.19-a0-1608-g4cf22de (webtiles) character file.

142 Alarkh the Grave Robber (level 5, -1/35 HPs)
             Began as a Mummy Necromancer on Sept 17, 2016.
             Slain by an orc
             ... wielding a +0 hand axe
              (9 damage)
             ... on level 3 of the Dungeon.
             The game lasted 00:03:39 (2238 turns).

Alarkh the Grave Robber (Mummy Necromancer)         Turns: 2238, Time: 00:03:40

Health: -1/35      AC:  2    Str: 11    XL:     5   Next: 3%
Magic:  3/10       EV: 12    Int: 16    God:
Gold:   181        SH:  0    Dex: 12    Spells: 1 memorised, 10 levels left

rFire  x . .     SeeInvis .     j - +1 hand axe (flame)
rCold  + . .     Gourm    .     a - +0 robe
rNeg   + + +     Faith    +     (no shield)
rPois  ∞         Spirit   .     (no helmet)
rElec  .         Dismiss  .     (no cloak)
rCorr  .         Reflect  .     (no gloves)
MR     .....     Harm     .     (no boots)
Stlth  ++........               c - amulet of faith
                                (no ring)
                                g - ring of flight

@: very slightly contaminated
A: no food or potions, fire vulnerability, cold resistance 1, negative energy
resistance 3, torment resistance, unbreathing
a: Evoke Flight


You were on level 3 of the Dungeon.
You were not hungry.

You visited 1 branch of the dungeon, and saw 3 of its levels.

You collected 181 gold pieces.

Inventory:

Hand Weapons
 d - a +0 short sword
 j - a +1 hand axe of flaming (weapon)
 m - a +0 great sword
Armour
 a - a +0 robe (worn)
Jewellery
 c - an amulet of faith (around neck)
 g - a ring of flight (left hand)
Wands
 n - a wand of disintegration (12/24)
Scrolls
 e - a scroll of enchant weapon {unknown}
 f - 2 scrolls of random uselessness {unknown}
 h - a scroll of blinking {unknown}
 i - a scroll of remove curse
 k - a scroll of recharging {unknown}
 l - a scroll of fear {unknown}
Books
 b - a book of Necromancy

   Spells                             Type                      Level
   a - Pain                           Necromancy                   1
   b - Animate Skeleton               Necromancy                   1
   c - Vampiric Draining              Necromancy                   3
   d - Regeneration                   Charms/Necromancy            3
   e - Animate Dead                   Necromancy                   4
   f - Control Undead                 Necromancy                   4


   Skills:
 * Level 1.0 Long Blades
 - Level 1.5 Dodging
 - Level 1.5 Stealth
 + Level 3.5 Spellcasting
 + Level 5.2 Necromancy


You had 10 spell levels left.
You knew the following spells:

 Your Spells              Type           Power        Failure   Level  Hunger
a - Pain                  Necr           ###.         1%          1    N/A

Dungeon Overview and Level Annotations

Branches:
Dungeon (3/15)

Altars:


Innate Abilities, Weirdness & Mutations

You do not eat or drink.
Your flesh is vulnerable to fire.
You are immune to poison.
Your flesh is cold resistant. (rC+)
You are immune to negative energy. (rN+++)
You are immune to unholy pain and torment.
You can survive without breathing.


Message History

* * * LOW HITPOINT WARNING * * *
The giant cockroach bites you but does no damage.
You see here a goblin skeleton.
The giant cockroach bites you but does no damage.
The giant cockroach barely misses you.
Something unseen opens the door.
The giant cockroach barely misses you.
Casting: Pain
Confirm with . or Enter, or press ? or * to list all spells.
Aiming: Pain
Press: ? - help, Shift-Dir - straight line, f - giant cockroach
Aim: a giant cockroach (clinging, chance to defeat MR: 89%)
The giant cockroach writhes in agony!
You kill the giant cockroach!
Casting: Pain
Confirm with . or Enter, or press ? or * to list all spells.
Aiming: Pain
Press: ? - help, Shift-Dir - straight line, f - orc
Aim: an orc, wielding a hand axe and wearing a ring mail (chance to defeat MR: 89%)
The orc writhes in agony!
The orc hits you with a hand axe!
You die...

..............# #.##.#####.##[..#
####....†..#..###.##.....#.##....
............!.[..................
###.#.........###......#......%..
#.#...#..##.# #......#.........
###.....#..##.###......#.........
....#...)..##.....##......%##...#
#......###.##.##########.####....
+...........oooo@...........'....
#......###..#'#####.......###....
#..............# ###.###.# ###†.
#......###.....# #.# #.# #..
+......# ##....######+###.######.
.......# #oo..#.............# #.
#......# #....#.............###'
######## #..o.#.............#...
#....#.............#...


You could see 4 orcs.

Vanquished Creatures
  An orc wizard (D:3)
  4 adders
  2 oozes (D:3)
  4 leopard geckos
  7 orcs (D:3)
  2 ball pythons (D:3)
  3 giant cockroaches
  7 hobgoblins
  3 jackals (D:1)
  2 quokkas (D:2)
  4 bats
  3 frilled lizards
  7 goblins
  8 kobolds
  2 rats (D:2)
59 creatures vanquished.

Notes
Turn   | Place    | Note
-------+----------+-------------------------------------------
     0 | D:1      | Alarkh the Mummy Necromancer began the quest for the Orb.
     0 | D:1      | Reached XP level 1. HP: 13/13 MP: 3/3
   265 | D:1      | Reached XP level 2. HP: 12/19 MP: 1/5
  1194 | D:2      | Reached XP level 3. HP: 24/24 MP: 4/7
  1702 | D:3      | Reached XP level 4. HP: 26/30 MP: 4/8
  1838 | D:3      | Reached skill level 5 in Necromancy
  2213 | D:3      | Reached skill level 1 in Long Blades
  2213 | D:3      | Reached XP level 5. HP: 7/35 MP: 2/10
  2238 | D:3      | Slain by an orc

Vault maps used:
D:1:      co_arrival_random_square_maze, corexii_leaking_fountain
D:3:      grunt_temple_overflow_lords_of_destruction

Skill      XL: |  1  2  3  4 |
---------------+-------------+-----
Spellcasting   | 3 |  3.5
Necromancy     | 5 |  5.2
Long Blades    | 1 |  1.0
Dodging        | |  1.5
Stealth        | |  1.5

Action                   |  1- 3 |  4- 6 || total
-------------------------+-------+-------++-------
Melee: Unarmed           |     8 |       ||     8
       Short sword       |    11 |       ||    11
       Hand axe          |       |    11 ||    11
 Cast: Pain              |    74 |    42 ||   116
  Use: Scroll            |     3 |       ||     3
Armor: Robe              |     4 |     7 ||    11
Dodge: Dodged            |    22 |    17 ||    39
